 Dungeon Crawl Stone Soup version 0.28.0-53-g5a82cb258f (webtiles) character file.

Game seed: 2653726351919890589

8002 Sin92 the Fighter (level 11, 0/86 HPs)
             Began as a Demonspawn Fighter on June 7, 2022.
             Was a Believer of Okawaru.
             Killed from afar by an efreet (11 damage)
             ... with a fireball
             ... on level 2 of the Abyss.
             The game lasted 00:21:40 (11206 turns).

Sin92 the Fighter (Demonspawn Fighter)             Turns: 11206, Time: 00:21:41

Health: 0/86       AC: 23    Str: 18    XL:     11   Next: 4%
Magic:  13/13      EV:  6    Int:  9    God:    Okawaru [**....]
Gold:   1479       SH: 11    Dex: 16    Spells: 10/10 levels left

rFire   . . .      SeeInvis .   b - +9 long sword of the Moon {spect, rN+}
rCold   . . .      Faith    .   c - +0 buckler
rNeg    + . .      Spirit   .   t - +2 plate armour
rPois   .          Reflect  +   (helmet restricted)
rElec   .          Harm     .   (no cloak)
rCorr   .          Rampage  .   a - +0 pair of gloves
Will    .....                   (no boots)
Stlth   ..........              z - amulet of reflection
HPRegen 0.24/turn               k - +4 ring of protection
MPRegen 0.13/turn               (no ring)

@: no status effects
A: antennae 1, slimy green scales 2, (demonic guardian 3), spiny 1
a: Renounce Religion, Heroism


You were on level 2 of the Abyss.
You worshipped Okawaru.
Okawaru was pleased with you.
You visited 2 branches of the dungeon, and saw 11 of its levels.
You visited the Abyss 1 time.

You collected 1479 gold pieces.

Inventory:

Hand Weapons
 b - the +9 long sword of the Moon (weapon) {spect, rN+}
   (You found it on level 6 of the Dungeon)

   When its wielder attacks, the weapon's spirit leaps out and strikes again.
   The spirit shares a part of any damage it takes with its wielder.
   rN:        It protects you from negative energy.
 u - a +5 whip
 y - a +2 hand axe of flaming
 C - a +1 whip of distortion
Missiles
 E - 5 javelins (quivered)
Armour
 a - a +0 pair of gloves (worn)
 c - a +0 buckler (worn)
 t - a +2 plate armour (worn)
Jewellery
 k - a +4 ring of protection (left hand)
 z - an amulet of reflection (around neck)
Wands
 m - a wand of digging (12)
 n - a wand of paralysis (8)
 r - a wand of iceblast (12)
 s - a wand of flame (21)
 x - a wand of mindburst (14)
 B - a wand of charming (11)
Scrolls
 p - 3 scrolls of teleportation
 q - 2 scrolls of identify
 w - 2 scrolls of fear
 A - a scroll of amnesia
 F - a scroll of fog
Potions
 e - a potion of magic
 f - a potion of heal wounds
 g - a potion of degeneration
 h - 2 potions of resistance
 i - a potion of mutation {unknown}
 j - a potion of flight
 l - a potion of cancellation
 o - a potion of haste
 v - 2 potions of curing
 H - 2 potions of lignification {unknown}


   Skills:
 + Level 8.0 Fighting
 * Level 7.2 Long Blades
 - Level 4.7(5.2) Axes
 - Level 3.1(4.4) Maces & Flails
 + Level 7.3 Armour
 + Level 3.3 Dodging
 + Level 7.4 Shields
 + Level 3.7 Invocations


You had 10 spell levels left.
You didn't know any spells.
Your spell library contained the following spells:

 Spells                   Type           Power      Damage    Failure   Level
 Freeze                   Ice            0%         1d3       100%        1
 Magic Dart               Conj           0%         1d3       100%        1
 Pain                     Necr           0%         1d4       100%        1
 Ensorcelled Hibernation  Hex/Ice        0%         N/A       100%        2
 Frozen Ramparts          Ice            0%         1d2       100%        3
 Mephitic Cloud           Conj/Pois/Air  0%         N/A       100%        3
 Spider Form              Tmut/Pois      0%         N/A       100%        3
 Vampiric Draining        Necr           0%         2d6       100%        3
 Anguish                  Hex/Necr       0%         N/A       100%        4
 Hailstorm                Conj/Ice       0%         3d3       100%        4
 Animate Skeleton         Necr           Unusable   N/A       N/A         1
 Call Imp                 Summ           Unusable   N/A       N/A         2

Dungeon Overview and Level Annotations

Branches:
Dungeon (10/15)            Temple (1/1) D:7             Orc (0/2) D:10
   Lair: D:8-11

Altars:
Ashenzari
Elyvilon
Kikubaaqudgha
Makhleb
Okawaru
Trog
Wu Jian
Xom
Yredelemnul
Zin

Shops:
D:4 (   D:5 (   D:10 (

Annotations:
D:10 2 transporters, Sonja


Innate Abilities, Weirdness & Mutations

You have a pair of small antennae on your head.
You are mostly covered in slimy green scales. (AC +3)
((A powerful demonic guardian rushes to your aid.))
You are partially covered in sharp spines.


Message History

The living lightning misses the raiju.
The living lightning hits the raiju.
The raiju completely resists.
The living lightning hits you but does no damage.
The raiju blinks! x3; The raiju bites you but does no damage.
The raiju bursts into living lightning!
The living lightning hits the raiju.
The raiju completely resists.
The living lightning hits you!
* * * LOW HITPOINT WARNING * * *
The raiju blinks! x2
The raiju bursts into living lightning!
The living lightning hits you!
* * * LOW HITPOINT WARNING * * *
The raiju blinks!
You are suddenly pulled into a different region of the Abyss!
You enter the shallow water.
Moving in this stuff is going to be slow.
You enter the shallow water.
Moving in this stuff is going to be slow.
An efreet comes into view.
It is wielding a +1 scimitar of flaming.
The efreet hits you but does no damage. The efreet is struck by your spines.
The efreet barely misses you. The efreet gestures at you.
The fireball explodes!
The fireball engulfs you.
* * * LOW HITPOINT WARNING * * *
The efreet is struck by your spines.
The efreet hits you with a +1 scimitar of flaming!
* * * LOW HITPOINT WARNING * * *
The efreet burns you.
* * * LOW HITPOINT WARNING * * *
You hit the efreet.
The efreet is moderately wounded.
Your +9 long sword of the Moon {spect, rN+} hits the efreet!
The efreet gestures at your +9 long sword of the Moon {spect, rN+}.
The fireball explodes!
The fireball engulfs your +9 long sword of the Moon {spect, rN+}!
Your +9 long sword of the Moon {spect, rN+} resists.
Your spectral weapon shares its damage with you!
The fireball engulfs the efreet.
The efreet completely resists.
The fireball engulfs you!
You die...

#. ## ##. #.###... ..
... .....### .#### ##
#.. .# #..#.....##.#
..# #.#.#.#.#.##...##
.. ##. # .
#.#....#...#.#. ...#
....#.##.#.#.#.#..#
...#
##......#.#....##.#..#
...#.#........°R@....#
..###....###....(##.##
.# .#.≈≈.≈♣.#.........
# .#.#.
#≈≈≈.#.#......#
#.#....≈.≈≈≈.##...####
# ####≈≈#≈≈≈.#......
##≈≈≈≈#...#.##..
.##.###.. ## .# #.


You could see an efreet (ally target) and a friendly +9 long sword of the Moon
{spect, rN+} (summoned).

Vanquished Creatures
  A large abomination (Abyss:1)
  Maurice (D:10)
  A worldbinder (Abyss:2)
  A smoke demon (Abyss:2)
  An orange demon (Abyss:2)
  An ancient zyme (Abyss:1)
  A troll (D:9)
  A hornet (D:8)
  Prince Ribbit (D:7)
  Grinder (D:6)
  Sigmund (D:3)
  15 yaks
  3 wyverns
  5 water moccasins
  Duvessa (D:6)
  A black bear (D:7)
  2 ice beasts (D:6)
  2 sky beasts
  An orc warrior (D:8)
  2 necrophages
  2 ogres
  3 centaurs
  A small abomination (Abyss:2)
  4 kobold brigands
  4 bullfrogs
  A wyvern zombie (D:8)
  Dowan (D:6)
  2 jellies
  4 wights (D:9)
  2 centaur zombies (D:8)
  2 hounds (D:7)
  A gnoll shaman (D:9)
  3 orc priests (D:8)
  A centaur skeleton (D:5)
  Ijyb (D:3)
  An iguana (D:5)
  5 orc wizards
  A howler monkey zombie (D:9)
  4 gnolls (D:9)
  10 adders
  A shadow imp (D:5)
  A white imp (D:6)
  A worm (D:5)
  2 dart slugs (D:1)
  27 orcs
  6 endoplasms
  2 giant cockroaches
  6 goblins
  8 hobgoblins
  4 jackals
  23 kobolds
  2 quokkas
  3 ball pythons
  7 bats
  3 frilled lizards (D:2)
  A quokka skeleton (D:4)
  6 rats
199 creatures vanquished.

Vanquished Creatures (collateral kills)
  Maggie (D:6)
  A yak (D:6)
  An acid dragon (D:6)
  An orc warrior (D:4)
  An orc wizard (D:4)
  A shadow imp (D:6)
  An orc (D:4)
  An endoplasm (D:4)
8 creatures vanquished.

Vanquished Creatures (others)
  An unseen horror (D:10)
  19 plants (D:1)
20 creatures vanquished.

Grand Total: 227 creatures vanquished

Notes
Turn   | Place    | Note
-------+----------+-------------------------------------------
     0 | D:1      | Sin92 the Demonspawn Fighter began the quest for the Orb.
     0 | D:1      | Reached XP level 1. HP: 18/18 MP: 1/1
     1 | D:1      | Found a faded altar of an unknown god.
    78 | D:1      | Gained mutation: You are partially covered in sharp spines.
                  | [demonic ancestry]
    78 | D:1      | Reached XP level 2. HP: 20/24 MP: 2/2
   719 | D:2      | Gained mutation: A weak demonic guardian rushes to your
                  | aid. [demonic ancestry]
   719 | D:2      | Reached XP level 3. HP: 29/29 MP: 3/3
   936 | D:2      | Gained mutation: You are partially covered in slimy green
                  | scales. (AC +2) [demonic ancestry]
   936 | D:2      | Reached XP level 4. HP: 35/35 MP: 4/4
  1594 | D:3      | Noticed Sigmund
  1610 | D:3      | Killed Sigmund
  1611 | D:3      | Reached skill level 4 in Fighting
  1611 | D:3      | Gained mutation: A demonic guardian rushes to your aid.
                  | [demonic ancestry]
  1611 | D:3      | Reached XP level 5. HP: 40/42 MP: 5/5
  1683 | D:3      | Noticed Ijyb
  1691 | D:3      | Reached XP level 6. HP: 47/48 MP: 6/6
  1692 | D:3      | Killed Ijyb
  1950 | D:4      | Reached XP level 7. HP: 16/55 MP: 7/7
  2129 | D:4      | Reached skill level 5 in Fighting
  2415 | D:4      | Found Gossega's Antique Weapon Shoppe.
  2612 | D:3      | Identified a scroll of acquirement
  2612 | D:3      | Acquired 897 gold pieces
  2893 | D:4      | Found the +1 Delatra's gloves {ID++}
  3056 | D:5      | Entered Level 5 of the Dungeon
  3193 | D:5      | Reached skill level 1 in Maces & Flails
  3444 | D:5      | Found Ykhla Vet's Weapon Shop.
  3667 | D:5      | Gained mutation: You have a pair of small antennae on your
                  | head. [demonic ancestry]
  3667 | D:5      | Reached XP level 8. HP: 62/62 MP: 8/8
  3920 | D:5      | Reached skill level 5 in Shields
  4157 | D:6      | Noticed Grinder
  4188 | D:6      | Killed Grinder
  4189 | D:6      | Reached skill level 5 in Armour
  4519 | D:6      | Identified the +9 long sword of the Moon {spect, rN+}
  4538 | D:6      | Reached skill level 1 in Long Blades
  5226 | D:6      | Reached skill level 6 in Fighting
  5235 | D:6      | Gained mutation: A powerful demonic guardian rushes to your
                  | aid. [demonic ancestry]
  5235 | D:6      | Reached XP level 9. HP: 30/69 MP: 9/9
  5548 | D:6      | Noticed Maggie
  5582 | D:6      | Killed Maggie
  5626 | D:6      | Reached skill level 7 in Fighting
  5626 | D:6      | Reached skill level 5 in Long Blades
  6638 | D:6      | Noticed Duvessa
  6640 | D:6      | Noticed Dowan
  6643 | D:6      | Killed Duvessa
  6648 | D:6      | Killed Dowan
  6649 | D:6      | Reached skill level 1 in Dodging
  6782 | D:7      | Noticed Prince Ribbit
  6811 | D:7      | Killed Prince Ribbit
  6812 | D:7      | Reached XP level 10. HP: 72/79 MP: 10/10
  7417 | D:7      | Found a staircase to the Ecumenical Temple.
  7447 | Temple   | Entered the Ecumenical Temple
  7465 | Temple   | Became a worshipper of Warmaster Okawaru
  8336 | D:8      | Reached skill level 1 in Invocations
  8823 | D:8      | Found an ornate altar of the Wu Jian Council.
  9192 | D:9      | Reached * piety under Okawaru
  9794 | D:10     | Entered Level 10 of the Dungeon
  9794 | D:10     | Found a staircase to the Orcish Mines.
  9803 | D:10     | Reached ** piety under Okawaru
  9818 | D:10     | Found a transporter.
  9826 | D:10     | Noticed Maurice
  9826 | D:10     | Paralysed by Maurice for 2 turns
  9847 | D:10     | Killed Maurice
  9848 | D:10     | Reached skill level 8 in Fighting
 10027 | D:10     | Gained mutation: You are mostly covered in slimy green
                  | scales. (AC +3) [demonic ancestry]
 10027 | D:10     | Reached XP level 11. HP: 74/86 MP: 13/13
 10027 | D:10     | Noticed Sonja
 10408 | D:10     | Found Naakk's Weapon Shop.
 10884 | D:10     | Found a transporter.
 10911 | D:10     | Cast into level 1 of the Abyss (Sonja)
 10911 | Abyss:1  | Found a corrupted altar of Lugonu.
 10932 | Abyss:1  | Noticed a bone dragon
 10967 | Abyss:1  | Noticed a large abomination
 10978 | Abyss:1  | Killed a large abomination
 11076 | Abyss:2  | Noticed a naga warrior
 11206 | Abyss:2  | Killed from afar by an efreet

Illustrated notes

Levels and vault maps discovered:
D:1:      dpeg_arrival_pits, layout_rooms, ebering_ecumenical_altar_mist,
          wad_woods_river_04, nrook_mini_backslash
D:2:      layout_loops_ring, minmay_surrounded
D:3:      layout_basic, serial_park_tiny_pond, uniq_ijyb, uniq_sigmund
D:4:      layout_cave_pools, serial_shops, nicolae_shop_stone,
          pf_guarded_unrand_delatra
D:5:      nicolae_cairo_tiling_large, layout_gridville, serial_shops,
          nicolae_shop_stone, patterned_corridor
D:6:      layout_layer_cave, uniq_grinder, uniq_maggie, uniq_duvessa
D:7:      layout_layer_cave, minmay_temple_entry_antechambers,
          uniq_prince_ribbit1
D:8:      layout_basic, nicolae_overflow_hidden_temple
D:9:      layout_basic
D:10:     layout_layer_cave, orc_0_dummy, serial_shops, shop_fountains,
          serial_nicolae_subway, nicolae_sub_station_stone,
          nicolae_sub_station_metal, nicolae_sub_station_crystal, uniq_sonja,
          uniq_maurice
Temple:   compressed_dpeg_circular_temple
Abyss:2:  base:
D:4

Skill      XL: |  1  2  3  4  5  6  7  8  9 10 |
---------------+-------------------------------+-----
Axes           | 2 3 4 |  4.7
Armour         | 3 4 5 6 7 |  7.3
Shields        | 3 4 5 6 7 |  7.4
Fighting       | 4 5 6 7 8 |  8.0
Maces & Flails | 2 3 |  3.1
Long Blades    | 2 5 7 |  7.2
Dodging        | 1 3 |  3.3
Invocations    | 3 |  3.7

Action                   |  1- 3 |  4- 6 |  7- 9 | 10-12 || total
-------------------------+-------+-------+-------+-------++-------
Melee: War axe           |   117 |    66 |    20 |       ||   203
       Whip              |       |       |   167 |       ||   167
       Long sword        |       |       |    30 |   158 ||   188
Invok: Heroism           |       |       |       |     2 ||     2
  Use: Scroll            |       |     1 |    16 |     6 ||    23
       Potion            |       |       |     3 |     2 ||     5
 Stab: Invisible         |       |       |     4 |       ||     4
       Distracted        |       |       |     1 |     5 ||     6
Armor: Scale mail        |    40 |    45 |    28 |       ||   113
       Plate armour      |       |       |    93 |    88 ||   181
Dodge: Dodged            |    35 |    25 |    48 |    44 ||   152
Block: Buckler           |    14 |    12 |    43 |    70 ||   139
       Reflection        |       |       |       |     7 ||     7
